 Dungeon Crawl Stone Soup version 0.29-a0-821-g66395355a5 (webtiles) character file.

Game seed: 10540128909739089696

235 scionoferis the Changer (level 6, -4/38 HPs)
             Began as an Octopode Transmuter on July 7, 2022.
             Succumbed to an orc wizard's poison
             ... on level 4 of the Dungeon.
             The game lasted 00:10:08 (3867 turns).

scionoferis the Changer (Octopode Transmuter)       Turns: 3867, Time: 00:10:09

Health: -4/38      AC:  5    Str: 21    XL:     6   Next: 6%
Magic:  10/10      EV: 13    Int: 18    God:
Gold:   172        SH:  0    Dex: 12    Spells: 4/11 levels left

rFire   . . .      SeeInvis .   a - +0 short sword (protect)
rCold   . . .      Faith    .   (no shield)
rNeg    . . .      Spirit   .   (helmet currently unavailable)
rPois   .          Reflect  .   (no amulet)
rElec   .          Harm     .   j - +4 ring of protection
rCorr   .          Rampage  .   n - +6 ring of strength
Will    .....                   s - +6 ring of strength
Stlth   ++........              (no ring)
HPRegen 0.12/turn               (no ring)
MPRegen 0.12/turn               (no ring)
                                (no ring)
                                (no ring)

@: brilliant, lethally poisoned (-4 -> -39), appendages (expiring)
A: tentacle spike 3, almost no armour, amphibious, 8 rings, camouflage 1,
gelatinous body 1, (nimble swimmer 1), tentacles
a: End Transformation


You were on level 4 of the Dungeon.
One of your tentacles had grown a beastly spike.
You visited 1 branch of the dungeon, and saw 4 of its levels.

You collected 172 gold pieces.

Inventory:

Hand Weapons
 a - a +0 short sword of protection (weapon)
 b - a +0 sling
 d - a +0 short sword
 l - a +0 dagger
 t - a +1 whip of flaming
 w - a +3 dagger
Missiles
 k - 6 boomerangs (quivered)
 u - 3 poisoned darts
Armour
 o - an orb of guile
Magical Staves
 x - a staff of poison
 z - a staff of air
Jewellery
 j - a +4 ring of protection (left tentacle)
 n - a +6 ring of strength (right tentacle)
 s - a +6 ring of strength (on tentacle)
Wands
 r - a wand of roots (12)
Scrolls
 e - 2 scrolls of teleportation {unknown}
 f - a scroll of acquirement {unknown}
 h - a scroll of torment {unknown}
 m - a scroll of fear {unknown}
 p - a scroll of identify {unknown}
 v - a scroll of poison {unknown}
 y - a scroll of magic mapping {unknown}
 A - 3 scrolls of noise {unknown}
Potions
 c - 2 potions of lignification
 g - a potion of heal wounds {unknown}
 i - a potion of invisibility {unknown}
 q - a potion of curing {unknown}


   Skills:
 - Level 1.0 Fighting
 - Level 2.0 Dodging
 - Level 3.0 Unarmed Combat
 + Level 3.2 Spellcasting
 * Level 4.6 Transmutations
 * Level 2.4 Ice Magic


You had 4 spell levels left.
You knew the following spells:

 Your Spells              Type           Power      Damage    Failure   Level
a - Beastly Appendage     Tmut           58%        N/A       2%          1
b - Wereblood             Tmut           29%        N/A       3%          2
c - Ice Form              Ice/Tmut       23%        N/A       36%         4

Your spell library contained the following spells:

 Spells                   Type           Power      Damage    Failure   Level
 Ozocubu's Armour         Ice            17%        N/A       17%         3
 Spider Form              Tmut/Pois      16%        N/A       19%         3
 Call Canine Familiar     Summ           4%         N/A       43%         3
 Portal Projectile        Hex/Tloc       8%         N/A       43%         3
 Leda's Liquefaction      Hex/Erth       2%         N/A       85%         4
 Metabolic Englaciation   Hex/Ice        5%         N/A       95%         5
 Simulacrum               Ice/Necr       5%         N/A       100%        6


Dungeon Overview and Level Annotations

Branches:
Dungeon (4/15)
 Temple: D:4-7

Altars:


Innate Abilities, Weirdness & Mutations

One of your tentacles has grown a beastly spike.
You cannot wear most types of armour.
You are amphibious.
You can wear up to eight rings at the same time.
Your skin changes colour to match your surroundings (Stealth+).
Your rubbery body absorbs attacks. (AC +1, EV +1)
((You are camouflaged when in or above water. (Stealth+)))
You have tentacles for arms and can constrict up to eight enemies at once.


Message History

You grab the orc.
The orc is moderately wounded.
You constrict the orc. The orc hits you but does no damage.
You hit the orc.
You kill the orc!
Things that are here:
a +0 short sword; a +0 leather armour; an orc corpse You hit something.
Your tentacle spike misses something.
Your squeeze misses something. Something hits you but does no damage.
You are poisoned.
You miss something.
You feel very sick. Something hits you.
You barely miss something.
Your tentacle spike misses something.
You feel very sick. Something hits you but does no damage.
You are more poisoned.
You barely miss something.
Your tentacle spike misses something.
You feel very sick. Something barely misses you.
You closely miss something.
Your tentacle spike misses something.
Your squeeze misses something.
You feel very sick. Something hits you.
You are lethally poisoned!
You miss something.
Your tentacle spike misses something.
Your squeeze misses something.
You feel very sick. Something hits you.
You are more poisoned.
You miss something.
You pierce something.
Your transformation is almost over.
* * * LOW HITPOINT WARNING * * *
You feel extremely sick. Something hits you but does no damage.
Something hits you.
* * * LOW HITPOINT WARNING * * *
You are more poisoned.
It was a potion of brilliance.
You feel clever all of a sudden.
You die...

.. ........# .......
.........# .......
..........# .......
......####.......
.........#.......
#.#.#...)......
###.....#.#+###########
+...#.#.#{# #.....#
###.....#@# #.....#
##..#.#)# #.....#
#....#.#.# #.....#
##.....#.# #.....# #
#......#.# #.....# .
#.####.#.# #.....# . #.
#.#.# #.....# . # #.#.#
#.....# . #.#.# #.....#
.


There were no monsters in sight!

Vanquished Creatures
  A jelly (D:4)
  An orc wizard (D:4)
  Natasha (thrice) (D:2)
  3 adders
  4 dart slugs
  5 orcs (D:4)
  5 bats
  7 endoplasms
  4 giant cockroaches
  5 goblins
  5 hobgoblins
  2 jackals (D:3)
  3 quokkas
  2 ball pythons (D:3)
  3 frilled lizards
  9 kobolds
  5 rats
67 creatures vanquished.

Notes
Turn   | Place    | Note
-------+----------+-------------------------------------------
     0 | D:1      | scionoferis the Octopode Transmuter began the quest for the
                  | Orb.
     0 | D:1      | Reached XP level 1. HP: 13/13 MP: 3/3
   317 | D:1      | Reached XP level 2. HP: 18/18 MP: 3/5
   621 | D:1      | Reached skill level 3 in Transmutations
   623 | D:1      | Reached XP level 3. HP: 23/23 MP: 6/6
   627 | D:1      | Learned a level 2 spell: Wereblood
  1197 | D:2      | Found a faded altar of an unknown god.
  1401 | D:2      | Reached XP level 4. HP: 23/28 MP: 8/8
  1408 | D:2      | Learned a level 4 spell: Ice Form
  1885 | D:2      | Noticed Natasha
  1896 | D:2      | Killed Natasha
  1897 | D:2      | Reached skill level 1 in Ice Magic
  2163 | D:2      | Noticed Natasha
  2173 | D:2      | Killed Natasha
  2174 | D:2      | Reached skill level 4 in Transmutations
  2174 | D:2      | Reached XP level 5. HP: 28/33 MP: 9/9
  2387 | D:2      | Noticed Natasha
  2399 | D:2      | Killed Natasha
  2592 | D:3      | You fall into a shaft and drop 1 floor!
  3581 | D:4      | Reached XP level 6. HP: 37/38 MP: 10/10
  3867 | D:4      | Succumbed to an orc wizard's poison

Illustrated notes

Levels and vault maps discovered:
D:1:      roderic_chinese_lattice_arrival, layout_basic
D:2:      layout_basic, shapermc_ecumenical_altar_venn, corexii_corridor_pit,
          minmay_fountain_box, minmay_three_crescents, uniq_natasha
D:3:      layout_basic, nicolae_hexahallways
D:4:      layout_basic, serial_glass, glass_columns_b, glass_columns_a,
          glass_columns_a, glass_columns_a, glass_columns_a, glass_columns_a

Skill      XL: |  1  2  3  4  5 |
---------------+----------------+-----
Transmutations | 3 4 |  4.6
Ice Magic      | 1 2 |  2.4
Spellcasting   | 3 |  3.2
Fighting       | |  1.0
Dodging        | |  2.0
Unarmed Combat | |  3.0

Action                   |  1- 3 |  4- 6 || total
-------------------------+-------+-------++-------
Melee: Dagger            |    21 |       ||    21
       Constrict         |    17 |    20 ||    37
       Kick              |    11 |    12 ||    23
       Tentacles         |    11 |    12 ||    23
       Short sword       |    46 |    66 ||   112
       Punch             |     1 |       ||     1
 Fire: Sling             |    29 |     6 ||    35
 Cast: Beastly Appendage |    14 |    14 ||    28
  Use: Potion            |       |     1 ||     1
 Stab: Sleeping          |     2 |     7 ||     9
Armor: Skin              |    13 |    21 ||    34
Dodge: Dodged            |    37 |    28 ||    65

Table legend: (Time is in decaauts)
 A = Elapsed time spent in this place.
 B = Non-inter-level travel time spent in this place.
 C = Inter-level travel time spent in this place.
 D = Time resting spent in this place.
 E = Time spent auto-exploring this place.
 F = Levels seen in this place.
 G = Mean time per level.
                   A        B        C        D        E       F      G
               +--------+--------+--------+--------+--------+-----+--------+
         Total |   3887 |   3698 |    189 |    100 |   2865 |   4 |  971.8 |
       Dungeon |   3887 |   3698 |    189 |    100 |   2865 |   4 |  971.8 |
               +--------+--------+--------+--------+--------+-----+--------+

Top non-repeatable levels by time:
     D:2: 1424 daAuts
     D:1: 1101 daAuts
     D:3: 906 daAuts
     D:4: 455 daAuts
